PL
BOSTON PATRIOTS @ PANAMA CITY PIRANHAS
08/12/2029
 
TOP OF THE 1ST
Boston Patriots batting - Pitching for Panama City Piranhas : LHP Wayne Craig
Pitching: LHP Wayne Craig
Batting: RHB Tamasaburo Kato 0-0: Ball
1-0: Ball
2-0: Ball
3-0: Base on Balls
Batting: RHB Karl Schultz 0-0: Ball
1-0: SINGLE (Line Drive, 7S)
Tamasaburo Kato to second
Batting: RHB Tommy Jones 0-0: Foul Ball, location: 2F
0-1: Foul Ball, location: 2F
0-2: Foul Ball, location: 2F
0-2: Ball
1-2: Foul Ball, location: 2F
1-2: Foul Ball, location: 2F
1-2: SINGLE (Line Drive, 78S)
Tamasaburo Kato to third
Karl Schultz to second
Batting: RHB Juan Tapia 0-0: Foul Ball, location: 2F
0-1: Ball
1-1: Ball
2-1: Fly out, F7 (Flyball, 78D)
Runner from 3rd tags up, SCORES, throw made
Batting: RHB Terry Armstrong 0-0: Called Strike
0-1: Ground out U3 (Groundball, 34S)
Karl Schultz to third
Tommy Jones to second
Batting: RHB Eddie O'Bryan 0-0: Swinging Strike
0-1: Foul Ball, location: 2F
0-2: Strikes out swinging
Top of the 1st over - 1 run, 2 hits, 0 errors, 2 left on base; Boston 1 - Panama City 0
BOTTOM OF THE 1ST
Panama City Piranhas batting - Pitching for Boston Patriots : RHP Lúcio Sánchez
Pitching: RHP Lúcio Sánchez
Batting: RHB Juan Jose Ayala 0-0: Ball
1-0: Foul Ball, location: 2F
1-1: SINGLE (Line Drive, 8RS)
Batting: RHB Baldomero Avino 0-0: Ball
1-0: Ball
2-0: Called Strike
2-1: Grounds into double play, 5-4-3 (Groundball, 56)
Batting: LHB Sergio Muñóz 0-0: SINGLE (Groundball, 56S) (infield hit)
Batting: RHB Cale Sutton 0-0: Ball
1-0: Called Strike
1-1: Ball
2-1: Called Strike
2-2: Strikes out looking
Bottom of the 1st over - 0 runs, 2 hits, 0 errors, 1 left on base; Boston 1 - Panama City 0
TOP OF THE 2ND
Boston Patriots batting - Pitching for Panama City Piranhas : LHP Wayne Craig
Batting: SHB Jorge Velázquez 0-0: Ball
1-0: Ball
2-0: Called Strike
2-1: Ball
3-1: Fly out, F7 (Line Drive, 7)
Batting: LHB Ramón Félix 0-0: Ground out 3-1 (Groundball, 34S)
Batting: RHB Miguel Márquez 0-0: Called Strike
0-1: Ball
1-1: Fly out, F8 (Line Drive, 8LD)
Top of the 2nd over - 0 runs, 0 hits, 0 errors, 0 left on base; Boston 1 - Panama City 0
BOTTOM OF THE 2ND
Panama City Piranhas batting - Pitching for Boston Patriots : RHP Lúcio Sánchez
Batting: LHB Jack Sutherland 0-0: Ball
1-0: Ball
2-0: Foul Ball, location: 2F
2-1: Ball
3-1: Base on Balls
Batting: RHB Armando Alvarado 0-0: Swinging Strike
0-1: Swinging Strike
0-2: Ball
1-2: Fly out, F4 (Popup, 4)
Batting: SHB Tsing Guao 0-0: Reached on error, E4 (Groundball, 4)
Jack Sutherland to second
Batting: RHB Fernando Silva 0-0: Fly out, F7 (Flyball, 7S)
Batting: RHB Darrell Terwey 0-0: Fly out, F6 (Line Drive, 6)
Bottom of the 2nd over - 0 runs, 0 hits, 1 error, 2 left on base; Boston 1 - Panama City 0
TOP OF THE 3RD
Boston Patriots batting - Pitching for Panama City Piranhas : LHP Wayne Craig
Batting: RHB Tamasaburo Kato 0-0: Called Strike
0-1: Ball
1-1: Ball
2-1: Foul Ball, location: 2F
2-2: Strikes out swinging
Batting: RHB Karl Schultz 0-0: Called Strike
0-1: Ball
1-1: Ball
2-1: Ground out 1-3 (Groundball, 23)
Batting: RHB Tommy Jones 0-0: Called Strike
0-1: Ball
1-1: Ground out 6-3 (Groundball, 6)
Top of the 3rd over - 0 runs, 0 hits, 0 errors, 0 left on base; Boston 1 - Panama City 0
BOTTOM OF THE 3RD
Panama City Piranhas batting - Pitching for Boston Patriots : RHP Lúcio Sánchez
Batting: RHB Juan Jose Ayala 0-0: Ball
1-0: Swinging Strike
1-1: Ball
2-1: Foul Ball, location: 2F
2-2: Strikes out looking
Batting: RHB Baldomero Avino 0-0: Called Strike
0-1: Ball
1-1: Ball
2-1: Ball
3-1: Base on Balls
Batting: LHB Sergio Muñóz 0-0: Ball
1-0: Ball
2-0: Ball
3-0: Base on Balls
Baldomero Avino to second
Batting: RHB Cale Sutton 0-0: Called Strike
0-1: Ball
1-1: Grounds into double play, 1-6-3 (Groundball, 13S)
Bottom of the 3rd over - 0 runs, 0 hits, 0 errors, 1 left on base; Boston 1 - Panama City 0
TOP OF THE 4TH
Boston Patriots batting - Pitching for Panama City Piranhas : LHP Wayne Craig
Batting: RHB Juan Tapia 0-0: Ball
1-0: Called Strike
1-1: Fly out, F4 (Popup, 34D)
Batting: RHB Terry Armstrong 0-0: Swinging Strike
0-1: Foul Ball, location: 2F
0-2: Ball
1-2: Foul Ball, location: 2F
1-2: Ball
2-2: SINGLE (Groundball, 6MD)
Batting: RHB Eddie O'Bryan 0-0: Called Strike
0-1: Grounds into double play, 5-4-3 (Groundball, 56)
Top of the 4th over - 0 runs, 1 hit, 0 errors, 0 left on base; Boston 1 - Panama City 0
BOTTOM OF THE 4TH
Panama City Piranhas batting - Pitching for Boston Patriots : RHP Lúcio Sánchez
Batting: LHB Jack Sutherland 0-0: Ball
1-0: Called Strike
1-1: Ball
2-1: Swinging Strike
2-2: Strikes out swinging
Batting: RHB Armando Alvarado 0-0: Foul Ball, location: 2F
0-1: Ground out 6-3 (Groundball, 6)
Batting: SHB Tsing Guao 0-0: Ball
1-0: Ball
2-0: Fly out, F9 (Line Drive, 9S)
Bottom of the 4th over - 0 runs, 0 hits, 0 errors, 0 left on base; Boston 1 - Panama City 0
TOP OF THE 5TH
Boston Patriots batting - Pitching for Panama City Piranhas : LHP Wayne Craig
Batting: SHB Jorge Velázquez 0-0: Called Strike
0-1: Ball
1-1: Ball
2-1: Called Strike
2-2: Ball
3-2: Strikes out swinging
Batting: LHB Ramón Félix 0-0: Called Strike
0-1: Ball
1-1: Called Strike
1-2: Foul Ball, location: 2F
1-2: Strikes out swinging
Batting: RHB Miguel Márquez 0-0: Foul Ball, location: 2F
0-1: SINGLE (Line Drive, 8LS)
Batting: RHB Tamasaburo Kato 0-0: Ball
1-0: Called Strike
1-1: Ball
2-1: SINGLE (Groundball, 34D)
Miguel Márquez to second
Runner from 2nd tries for 3rd, SAFE, no throw
Batting: RHB Karl Schultz 0-0: Foul Ball, location: 2F
0-1: Ball
1-1: Foul Ball, location: 2F
1-2: Foul Ball, location: 2F
1-2: Ground out 3-1 (Groundball, 34)
Top of the 5th over - 0 runs, 2 hits, 0 errors, 2 left on base; Boston 1 - Panama City 0
BOTTOM OF THE 5TH
Panama City Piranhas batting - Pitching for Boston Patriots : RHP Lúcio Sánchez
Batting: RHB Fernando Silva 0-0: Ball
1-0: Called Strike
1-1: SINGLE (Flyball, 78M)
Batting: RHB Darrell Terwey 0-0: Bunted foul
0-1: Ball
1-1: Ball
2-1: Bunted foul
2-2: Foul Ball, location: 2F
2-2: Foul Ball, location: 2F
2-2: Ball
3-2: Fly out, F8 (Flyball, 8LD)
Batting: RHB Juan Jose Ayala 0-0: Foul Ball, location: 2F
0-1: Ball
1-1: Ball
2-1: SINGLE (Groundball, 6MD)
Fernando Silva to second
Batting: RHB Baldomero Avino 0-0: SINGLE (Groundball, 6MD)
Fernando Silva to third
Juan Jose Ayala to second
Runner from 3rd tries for Home, SAFE, no throw
Batting: LHB Sergio Muñóz 0-0: Foul Ball, location: 2F
0-1: Fielders Choice at 2nd, 1-6 (Groundball, P)
Juan Jose Ayala to third
Batting: RHB Cale Sutton 0-0: Ball
1-0: Called Strike
1-1: Ball
2-1: Called Strike
2-2: Ground out U3 (Groundball, 3)
Bottom of the 5th over - 1 run, 3 hits, 0 errors, 2 left on base; Boston 1 - Panama City 1
TOP OF THE 6TH
Boston Patriots batting - Pitching for Panama City Piranhas : LHP Wayne Craig
Batting: RHB Tommy Jones 0-0: Ball
1-0: Called Strike
1-1: Foul Ball, location: 2F
1-2: Ground out 6-3 (Groundball, 6)
Batting: RHB Juan Tapia 0-0: Ball
1-0: Ball
2-0: Ball
3-0: Called Strike
3-1: Called Strike
3-2: Ground out 6-3 (Groundball, 6)
Batting: RHB Terry Armstrong 0-0: Ground out 5-3 (Groundball, 56S)
Top of the 6th over - 0 runs, 0 hits, 0 errors, 0 left on base; Boston 1 - Panama City 1
BOTTOM OF THE 6TH
Panama City Piranhas batting - Pitching for Boston Patriots : RHP Lúcio Sánchez
Batting: LHB Jack Sutherland 0-0: Ball
1-0: Ball
2-0: Called Strike
2-1: Foul Ball, location: 2F
2-2: Foul Ball, location: 2F
2-2: Ground out 4-3 (Groundball, 4)
Batting: RHB Armando Alvarado 0-0: Ball
1-0: Foul Ball, location: 2F
1-1: Ball
2-1: Ball
3-1: Base on Balls
Batting: SHB Tsing Guao 0-0: Called Strike
0-1: Called Strike
0-2: Foul Ball, location: 2F
0-2: SINGLE (Groundball, 6D)
Armando Alvarado to second
Batting: RHB Fernando Silva 0-0: Fly out, F9 (Flyball, 9S)
Batting: RHB Darrell Terwey 0-0: Called Strike
0-1: Ball
1-1: SINGLE (Line Drive, 56)
Armando Alvarado to third
Tsing Guao to second
Runner from 3rd tries for Home, throw and OUT!
Bottom of the 6th over - 0 runs, 2 hits, 0 errors, 2 left on base; Boston 1 - Panama City 1
TOP OF THE 7TH
Boston Patriots batting - Pitching for Panama City Piranhas : LHP Wayne Craig
Batting: RHB Eddie O'Bryan 0-0: Ball
1-0: Foul Ball, location: 2F
1-1: Ball
2-1: Ball
3-1: Base on Balls
Batting: SHB Jorge Velázquez 0-0: Foul Ball, location: 2F
0-1: Fly out, F7 (Flyball, 7S)
Batting: LHB Ramón Félix 0-0: Ball
1-0: Foul Ball, location: 2F
1-1: Ball
Wild Pitch!
Eddie O'Bryan to second
2-1: Foul Ball, location: 2F
2-2: Fly out, F7 (Flyball, 7)
Batting: RHB Miguel Márquez 0-0: Ball
1-0: Foul Ball, location: 2F
1-1: Swinging Strike
1-2: Hit by Pitch
Pitching: LHP Alfonso Zapata
Batting: RHB Tamasaburo Kato 0-0: Ball
1-0: Called Strike
1-1: Ball
2-1: Called Strike
2-2: Fly out, F8 (Flyball, 8RXD)
Top of the 7th over - 0 runs, 0 hits, 0 errors, 2 left on base; Boston 1 - Panama City 1
BOTTOM OF THE 7TH
Panama City Piranhas batting - Pitching for Boston Patriots : RHP Lúcio Sánchez
Batting: RHB Juan Jose Ayala 0-0: Foul Ball, location: 2F
0-1: Ball
1-1: Called Strike
1-2: Strikes out looking
Batting: RHB Baldomero Avino 0-0: Swinging Strike
0-1: Foul Ball, location: 2F
0-2: Strikes out swinging
Batting: LHB Sergio Muñóz 0-0: Called Strike
0-1: Foul Ball, location: 2F
0-2: Foul Ball, location: 2F
0-2: SINGLE (Flyball, 89S)
Pitching: RHP Rick Converse
Batting: RHB Cale Sutton 0-0: Called Strike
Sergio Muñóz steals 2nd base
0-1: Ball
1-1: Foul Ball, location: 2F
1-2: SINGLE (Flyball, 8RM)
Sergio Muñóz to third
Runner from 3rd tries for Home, SAFE, no throw
Batting: LHB Jack Sutherland 0-0: Ball
1-0: Ball
2-0: Called Strike
2-1: Foul Ball, location: 2F
2-2: Ball
3-2: SINGLE (Line Drive, 4MD)
Cale Sutton to second
Cale Sutton to third
Batting: RHB Armando Alvarado 0-0: Ball
1-0: Ball
2-0: Ball
3-0: Base on Balls
Jack Sutherland to second
Batting: SHB Tsing Guao 0-0: Ball
1-0: Ball
2-0: Ball
3-0: Called Strike
3-1: Foul Ball, location: 2F
3-2: Foul Ball, location: 2F
3-2: Strikes out swinging
Bottom of the 7th over - 1 run, 3 hits, 0 errors, 3 left on base; Boston 1 - Panama City 2
TOP OF THE 8TH
Boston Patriots batting - Pitching for Panama City Piranhas : LHP Alfonso Zapata
Batting: RHB Karl Schultz 0-0: Ground out 5-3 (Groundball, 56)
Batting: RHB Tommy Jones 0-0: Foul Ball, location: 2F
0-1: Foul Ball, location: 2F
0-2: Ball
1-2: Ball
2-2: Foul Ball, location: 2F
2-2: Ground out 5-3 (Groundball, 56S)
Batting: RHB Juan Tapia 0-0: Called Strike
0-1: Swinging Strike
0-2: Ball
1-2: Ball
2-2: Ground out 6-3 (Groundball, 6)
Top of the 8th over - 0 runs, 0 hits, 0 errors, 0 left on base; Boston 1 - Panama City 2
BOTTOM OF THE 8TH
Panama City Piranhas batting - Pitching for Boston Patriots : RHP Rick Converse
Batting: RHB Fernando Silva 0-0: Fly out, F9 (Flyball, 9D)
Batting: RHB Darrell Terwey 0-0: SINGLE (Line Drive, 78M)
Batting: RHB Juan Jose Ayala 0-0: Called Strike
0-1: Swinging Strike
Darrell Terwey is caught stealing 2nd base
0-2: DOUBLE (Line Drive, 89D)
Batting: RHB Baldomero Avino 0-0: Ball
1-0: Ball
2-0: Swinging Strike
2-1: Ball
3-1: Base on Balls
Batting: LHB Sergio Muñóz 0-0: Ball
1-0: Fielders Choice at 2nd, 6-4 (Groundball, 6)
Bottom of the 8th over - 0 runs, 2 hits, 0 errors, 2 left on base; Boston 1 - Panama City 2
TOP OF THE 9TH
Boston Patriots batting - Pitching for Panama City Piranhas : LHP Alfonso Zapata
Pitching: RHP Mark Valle
Batting: RHB Terry Armstrong 0-0: Ball
1-0: Ball
2-0: Ball
3-0: Called Strike
3-1: Ground out 6-3 (Groundball, 6)
Pinch Hitting: LHB Bill Chambers 0-0: SINGLE (Line Drive, 7S)
Batting: SHB Jorge Velázquez 0-0: Swinging Strike
0-1: Fielders Choice at 2nd, 6-4 (Groundball, 6)
Batting: LHB Ramón Félix 0-0: Ball
1-0: Fly out, F8 (Flyball, 8RM)
Top of the 9th over - 0 runs, 1 hit, 0 errors, 1 left on base; Boston 1 - Panama City 2
Tuesday, December 19th, 2017 - OOTP Baseball 18.8 Build 76